 Dungeon Crawl Stone Soup version 0.22.0-6-g71bd7aa6b3 (webtiles) character file.

156 PikkenKukken the Shield-Bearer (level 5, -3/49 HPs)
             Began as a Deep Dwarf Fighter on Aug 14, 2018.
             Was an Initiate of Makhleb.
             Slain by an orc wizard
             ... wielding a +2 dagger of electrocution
              (10 damage)
             ... on level 3 of the Dungeon.
             The game lasted 00:04:46 (1320 turns).

PikkenKukken the Shield-Bearer (Deep Dwarf Fighter) Turns: 1320, Time: 00:04:47

Health: -3/49      AC:  8    Str: 19    XL:     5   Next: 14%
Magic:  3/3        EV:  7    Int: 12    God:    Makhleb [......]
Gold:   103        SH: 10    Dex: 13    Spells: 4/4 levels left

rFire    . . .     SeeInvis .   a - +0 long sword
rCold    . . .     Gourm    .   c - +1 shield
rNeg     . . .     Faith    .   b - +0 scale mail
rPois    .         Spirit   .   (no helmet)
rElec    .         Reflect  .   (no cloak)
rCorr    .         Harm     .   g - +0 pair of gloves
MR       .....                  (no boots)
Stlth    ..........             (no amulet)
HPRegen  0.00/turn              e - +3 ring of intelligence
MPRegen  0.08/turn              (no ring)

@: non-regenerating
A: damage resistance, heal wounds, sense surroundings 1, no regeneration
a: Heal Wounds, Renounce Religion


You were on level 3 of the Dungeon.
You worshipped Makhleb.
Makhleb was noncommittal.
You were not hungry.

You visited 1 branch of the dungeon, and saw 3 of its levels.

You collected 103 gold pieces.

Inventory:

Hand Weapons
 a - a +0 long sword (weapon)
 m - a cursed +1 rapier
Armour
 b - a +0 scale mail (worn)
 c - a +1 shield (worn)
 g - a +0 pair of gloves (worn)
Jewellery
 e - a +3 ring of intelligence (left hand)
Wands
 i - a wand of polymorph (10)
Scrolls
 k - 2 scrolls of enchant armour
 n - a scroll of teleportation
Potions
 d - a potion of might
 j - a potion of lignification
 l - a potion of resistance {unknown}
Comestibles
 f - 3 rations
 h - 9 chunks of flesh


   Skills:
 + Level 3.5 Fighting
 + Level 3.2 Long Blades
 + Level 4.2 Armour
 + Level 4.3 Shields


You had 4 spell levels left.
You didn't know any spells.
Your spell library was empty.

Dungeon Overview and Level Annotations

Branches:
Dungeon (3/15)

Altars:
Kikubaaqudgha
Makhleb


Innate Abilities, Weirdness & Mutations

You are resistant to damage.
You can heal yourself by infusing magical energy.
You passively map a small area around you.
You do not regenerate.


Message History

You hit the orc wizard.
The orc wizard is heavily wounded.
The orc wizard mumbles some strange words.
The orc wizard blinks!
You block the goblin's attack.
Unknown command.
The goblin hits you but does no damage.
You barely miss the goblin. The goblin hits you but does no damage.
Unknown command.
You slash the goblin!
You kill the goblin!
Makhleb accepts your kill.
The orc wizard points at you and mumbles some strange words.
The magic dart hits you!
* * * LOW HITPOINT WARNING * * *
Unknown command.
Items here: ( )) † an uncursed club; an uncursed hunting sling; 17 stones; a goblin corpse The orc wizard hits you but does no damage.
You are electrocuted!
You die...

.#####.).......# ,
.###..<......... , ,
.#...###....### .. ,
..>.........# .... ,
.#.###......# ######....
...# #.#....# #.........
..####.#....# #.........
....#..#....####.........
......##....[.##@........,
.....########(.#)o......%
** .....# ##†).......# , ,
.....# ###.......#* *
.....# #.......# .....###
#.......# .......#
#######... , .......##
*##. #####...##


You could see an orc wizard.

Vanquished Creatures
  3 gnolls (D:2)
  4 adders
  2 oozes
  3 worms
  4 leopard geckos
  5 orcs (D:3)
  A ball python (D:1)
  A giant cockroach (D:3)
  7 goblins
  9 hobgoblins
  6 jackals (D:3)
  8 kobolds
  A quokka (D:2)
  3 bats
  2 frilled lizards
  5 rats
64 creatures vanquished.

Notes
Turn   | Place    | Note
-------+----------+-------------------------------------------
     0 | D:1      | PikkenKukken the Deep Dwarf Fighter began the quest for the Orb.
     0 | D:1      | Reached XP level 1. HP: 20/20 MP: 1/1
    81 | D:1      | Reached XP level 2. HP: 21/27 MP: 2/2
   466 | D:2      | Reached XP level 3. HP: 29/34 MP: 3/3
   657 | D:2      | Reached XP level 4. HP: 35/42 MP: 2/2
   880 | D:2      | Found an ancient bone altar of Kikubaaqudgha.
  1033 | D:3      | Found a burning altar of Makhleb.
  1039 | D:3      | Became a worshipper of Makhleb the Destroyer
  1264 | D:3      | Reached XP level 5. HP: 29/49 MP: 3/3
  1320 | D:3      | Slain by an orc wizard

Skill      XL: |  1  2  3  4 |
---------------+-------------+-----
Fighting       | 3 |  3.5
Armour         | 4 |  4.2
Shields        | 4 |  4.3
Long Blades    | 3 |  3.2

Action                   |  1- 3 |  4- 6 || total
-------------------------+-------+-------++-------
Melee: Long sword        |   105 |   147 ||   252
 Abil: Heal Wounds       |     4 |     1 ||     5
  Use: Scroll            |     2 |     4 ||     6
  Eat: Chunk             |       |     2 ||     2
Armor: Scale mail        |    49 |    68 ||   117
Dodge: Dodged            |    30 |    48 ||    78
Block: Shield            |    75 |   114 ||   189
       Rpst.: Long sword |     6 |    18 ||    24
